 Dungeon Crawl Stone Soup version 0.32-a0-765-gfba4d74c8c (webtiles) character file.

Game seed: 17768070888850722420

470 Nattfarinn the Covered (level 7, 0/41 HPs)
             Began as a Gargoyle Earth Elementalist on Mar 18, 2024.
             Slain by an ice beast (7 damage)
             ... on level 4 of the Dungeon.
             The game lasted 00:05:38 (3854 turns).

Nattfarinn the Covered (GrEE)                       Turns: 3854, Time: 00:05:38

Health: 0/41       AC: 10    Str: 12    XL:     7   Next: 9%
Magic:  4/12       EV: 11    Int: 17    God:
Gold:   153        SH:  0    Dex: 10    Spells: 9/13 levels left

rFire   . . .        c - +2 spear (vamp)
rCold   . . .        (no shield)
rNeg    + . .        a - +0 robe
rPois   ∞            r - +2 helmet
rElec   +            (no cloak)
rCorr   .            (no gloves)
SInv    +            (no boots)
Will    .....        q - amulet of the acrobat
Stlth   ++           j - ring of wizardry
HPRegen 0.26/turn    l - ring of see invisible
MPRegen 0.13/turn

%: acrobat, wizardry (x1)
@: no status effects
A: sickness immunity, AC +4, negative energy resistance 1, electricity
resistance, torment resistance 1, petrification resistance
a: no special abilities


You were on level 4 of the Dungeon.
You visited 1 branch of the dungeon, and saw 4 of its levels.

You collected 153 gold pieces.

Inventory:

Hand Weapons
 c - a +2 vampiric spear (weapon)
Armour
 a - a +0 robe (worn)
 r - a +2 helmet (worn)
 t - a +3 scale mail of poison resistance
Jewellery
 f - a ring of ice
 j - a ring of wizardry (left hand)
 l - a ring of see invisible (right hand)
 q - an amulet of the acrobat (around neck)
Wands
 s - a wand of charming (13)
Scrolls
 b - a scroll of torment {unknown}
 g - a scroll of revelation {unknown}
 h - 3 scrolls of identify {unknown}
 m - 4 scrolls of teleportation {unknown}
 n - 3 scrolls of fear {unknown}
 p - 2 scrolls of fog {unknown}
Potions
 d - a potion of enlightenment {unknown}
 e - a potion of heal wounds
 i - a potion of curing {unknown}
 k - 2 potions of degeneration {unknown}
 o - a potion of might {unknown}
 u - a potion of ambrosia {unknown}
 v - a potion of brilliance {unknown}


   Skills:
 + Level 3.6 Fighting
 * Level 5.3 Armour
 - Level 1.5 Dodging
 - Level 2.1 Stealth
 + Level 3.7 Spellcasting
 - Level 1.1 Conjurations
 - Level 3.6 Earth Magic


You had 9 spell levels left.
You knew the following spells:

 Your Spells              Type           Power      Damage    Failure   Level
a - Sandblast             Erth           30%        2d9       1%          1
b - Stone Arrow           Conj/Erth      22%        3d8       8%          3

Your spell library contained the following spells:

 Spells                   Type           Power      Damage    Failure   Level
 Passwall                 Erth           15%        N/A       4%          3
 Sigil of Binding         Hex            3%         N/A       19%         3
 Brom's Barrelling Bould  Conj/Erth      11%        2d3       24%         4
 Leda's Liquefaction      Alch/Erth      4%         N/A       28%         4
 Petrify                  Alch/Erth      9%         N/A       28%         4
 Metabolic Englaciation   Hex/Ice        1%         N/A       85%         5
 Death Channel            Necr           1%         N/A       100%        6
 Sculpt Simulacrum        Ice/Alch       1%         N/A       100%        6


Dungeon Overview and Level Annotations

Branches:
Dungeon (4/15)
 Temple: D:4-7

Altars:
Cheibriados


Innate Abilities, Weirdness & Mutations

You are immune to sickness and miasma.
Your stone body is resilient. (AC +4)
You are immune to poison.
You resist negative energy. (rN+)
You are resistant to electric shocks. (rElec)
You are resistant to unholy torment.
You are immune to petrification.


Message History

An ice beast comes into view.
There is an open door here.
The blast of sand hits the ice beast.
The ice beast is lightly wounded.
The blast of sand hits the ice beast!
The ice beast is heavily wounded.
The ice beast hits you but does no damage.
The ice beast hits you. The ice beast freezes you!
The blast of sand hits the ice beast but does no damage.
The ice beast is heavily wounded.
The ice beast hits you but does no damage.
The blast of sand hits the ice beast.
The ice beast is severely wounded.
The ice beast hits you but does no damage. x2
The blast of sand misses the ice beast.
The ice beast hits you but does no damage.
The blast of sand misses the ice beast.
The ice beast hits you but does no damage. x2
The blast of sand misses the ice beast.
The ice beast hits you but does no damage.
The blast of sand hits the ice beast but does no damage.
The ice beast is severely wounded.
The ice beast hits you. The ice beast freezes you.
The ice beast hits you but does no damage.
The blast of sand hits the ice beast!
The ice beast is almost dead.
The ice beast hits you but does no damage.
The blast of sand hits the ice beast but does no damage.
The ice beast is almost dead.
The ice beast hits you. The ice beast freezes you! The ice beast hits you.
The ice beast freezes you.
* * * LOW HITPOINT WARNING * * *
You are too injured to fight recklessly!
You are too injured to fight recklessly!
You hit the ice beast.
The ice beast is almost dead.
The ice beast hits you.
* * * LOW HITPOINT WARNING * * *
The ice beast freezes you!
You die...

#.#..#.# # #
.###.#..#.# #
#. ........#.#
#.######+##.#.#
...........#.#
##......###.#
#......'...#
#......#####
##@##### #Y#
#.# #.# #.# #.#
#.# #+#


You could see an ice beast.

Vanquished Creatures
  Sigmund (D:4)
  A scorpion (D:4)
  A bombardier beetle (D:4)
  Ijyb (D:4)
  5 adders
  5 white imps (D:4)
  2 ufetubi (D:4)
  4 dart slugs
  6 orcs (D:4)
  4 bats
  4 endoplasms
  5 giant cockroaches
  11 goblins
  5 hobgoblins
  10 jackals
  7 kobolds
  A quokka (D:2)
  9 ball pythons
  3 frilled lizards
  3 rats
88 creatures vanquished.

Notes
Turn   | Place    | Note
-------+----------+-------------------------------------------
     0 | D:1      | Nattfarinn the Gargoyle Earth Elementalist began the quest
                  | for the Orb.
     0 | D:1      | Reached XP level 1. HP: 10/10 MP: 3/3
   131 | D:1      | Reached skill level 1 in Armour
   132 | D:1      | Reached XP level 2. HP: 16/16 MP: 1/5
   294 | D:1      | Reached skill level 1 in Fighting
   412 | D:1      | Reached XP level 3. HP: 20/20 MP: 4/6
   575 | D:1      | Reached skill level 2 in Armour
  1387 | D:2      | Found a snail-covered altar of Cheibriados.
  2075 | D:3      | Reached XP level 4. HP: 26/26 MP: 5/7
  2355 | D:3      | Identified the +1 whip "Naotom" {flame, ^Contam rC+ MP+9
                  | Int+2 Dex+2}
  2442 | D:3      | Reached skill level 3 in Armour
  2857 | D:4      | Noticed Ijyb
  3073 | D:4      | Killed Ijyb
  3074 | D:4      | Reached XP level 5. HP: 17/31 MP: 9/9
  3276 | D:4      | Learned a level 3 spell: Stone Arrow
  3299 | D:4      | Noticed Sigmund
  3311 | D:4      | Killed Sigmund
  3312 | D:4      | Reached skill level 4 in Armour
  3312 | D:4      | Reached XP level 6. HP: 20/37 MP: 6/11
  3413 | D:4      | Reached skill level 5 in Armour
  3615 | D:4      | Reached XP level 7. HP: 41/41 MP: 6/12
  3854 | D:4      | Slain by an ice beast

Illustrated notes

Levels and vault maps discovered:
D:1:      dpeg_arrival_refuge, layout_basic, minmay_hexomino_c4
D:2:      layout_basic, basic_altar
D:3:      layout_loops_ring
D:4:      layout_basic, lemuel_crystal_altar, serial_demonic, serial_demonic_g,
          serial_demonic_a, serial_demonic_e, serial_demonic_e, uniq_sigmund,
          uniq_ijyb

Skill      XL: |  1  2  3  4  5  6 |
---------------+-------------------+-----
Armour         | 1 2 3 4 5 |  5.3
Fighting       | 1 2 3 |  3.6
Spellcasting   | 3 |  3.7
Dodging        | |  1.5
Stealth        | |  2.1
Conjurations   | |  1.1
Earth Magic    | |  3.6

Action                     |  1- 3 |  4- 6 |  7- 9 || total
---------------------------+-------+-------+-------++-------
  Melee: Spear             |    23 |    97 |     6 ||   126
   Cast: Sandblast         |    64 |    90 |    27 ||   181
    Use: Potion            |       |     2 |       ||     2
   Stab: Distracted        |     1 |     1 |       ||     2
 Armour: Robe              |    29 |   138 |    30 ||   197
  Dodge: Dodged            |    26 |   109 |     3 ||   138

Table legend: (Time is in decaauts)
 A = Elapsed time spent in this place.
 B = Non-inter-level travel time spent in this place.
 C = Inter-level travel time spent in this place.
 D = Time resting spent in this place.
 E = Time spent auto-exploring this place.
 F = Levels seen in this place.
 G = Mean time per level.
                   A        B        C        D        E       F      G
               +--------+--------+--------+--------+--------+-----+--------+
         Total |   3954 |   3803 |    151 |      0 |   3003 |   4 |  988.5 |
       Dungeon |   3954 |   3803 |    151 |      0 |   3003 |   4 |  988.5 |
               +--------+--------+--------+--------+--------+-----+--------+

Top non-repeatable levels by time:
     D:1: 1204 daAuts
     D:4: 1056 daAuts
     D:3: 882 daAuts
     D:2: 812 daAuts
